 Dungeon Crawl Stone Soup version 0.28-a0-1130-gc51a68064b (webtiles) character file.

Game seed: 16905346706431539505

8 yoda5477 the Insei (level 2, 21/21 HPs)
             Began as a Demonspawn Transmuter on Dec 13, 2021.
             Quit the game on level 1 of the Dungeon.
             The game lasted 00:02:20 (516 turns).

yoda5477 the Insei (Demonspawn Transmuter)           Turns: 516, Time: 00:02:20

Health: 21/21      AC:  2    Str: 10    XL:     2   Next: 0%
Magic:  3/5        EV: 12    Int: 14    God:
Gold:   22         SH:  0    Dex: 15    Spells: 4/5 levels left

rFire   . . .      SeeInvis .     - Unarmed
rCold   . . .      Faith    .   (no shield)
rNeg    . . .      Spirit   .   a - +0 robe
rPois   .          Reflect  .   (no helmet)
rElec   .          Harm     .   (no cloak)
rCorr   .          Rampage  .   (no gloves)
Will    .....                   (no boots)
Stlth   +++.......              (no amulet)
HPRegen 0.07/turn               (no ring)
MPRegen 0.09/turn               (no ring)

@: no status effects
A: thin skeletal structure 1
a: no special abilities


You were on level 1 of the Dungeon.
You visited 1 branch of the dungeon, and saw 1 of its levels.

You collected 22 gold pieces.

Inventory:

Missiles
 b - 33 bolts
Armour
 a - a +0 robe (worn)
Scrolls
 c - a scroll of identify {unknown}
Potions
 d - a potion of magic {unknown}


   Skills:
 * Level 1.4 Fighting
 + Level 1.9 Dodging
 * Level 0.7 Stealth
 - Level 2.6 Unarmed Combat
 - Level 2.0 Spellcasting
 + Level 1.9 Transmutations


You had 4 spell levels left.
You knew the following spells:

 Your Spells              Type           Power      Damage    Failure   Level
a - Beastly Appendage     Tmut           12%        N/A       11%         1

Your spell library contained the following spells:

 Spells                   Type           Power      Damage    Failure   Level
 Wereblood                Tmut           6%         N/A       16%         2
 Spider Form              Tmut/Pois      4%         N/A       43%         3
 Ice Form                 Ice/Tmut       4%         N/A       85%         4


Dungeon Overview and Level Annotations

Branches:
Dungeon (1/15)

Altars:


Innate Abilities, Weirdness & Mutations

You have a somewhat thin skeletal structure. (Dex +2, Stealth+)


Message History

You hit the endoplasm.
The endoplasm is almost dead.
The endoplasm freezes you.
You are frozen.
* * * LOW HITPOINT WARNING * * *
You barely miss the endoplasm.
The endoplasm is almost dead.
You completely miss the endoplasm. You headbutt the endoplasm.
You kill the endoplasm!
Your transformation is almost over.
A jackal comes into view.
You see here 9 gold pieces.
Your horns disappear.
Your talons disappear.
You start resting.
HP restored.
Casting: Beastly Appendage (safe; 11% risk of failure)
Confirm with . or Enter, or press ? or * to list all spells.
You miscast Beastly Appendage.
You are very lightly contaminated with residual magic.
Nothing appears to happen.
Casting: Beastly Appendage (safe; 11% risk of failure)
Confirm with . or Enter, or press ? or * to list all spells.
You grow a pair of large bovine horns.
Your feet morph into talons.
Your transformation is almost over.
The jackal barks!
Your magical contamination has completely faded away.
You barely miss the jackal. The jackal closely misses you.
You completely miss the jackal. The jackal barely misses you.
You hit the jackal but do no damage. You claw the jackal, but do no damage.
The jackal bites you but does no damage.
You hit the jackal.
The jackal is heavily wounded.
Your horns disappear.
Your talons disappear.
The jackal bites you but does no damage. x2
You hit the jackal.
You kill the jackal!
You have reached level 2!
Your demonic ancestry asserts itself...
Your bones become slightly less dense.
Are you sure you want to abandon this character and quit the game? (Confirm with "yes".)

#.≈≈≈≈P..# #.#.#
#..P≈≈≈≈.# #.#.#
#.≈≈≈P.≈.# #.#.#
##..≈≈P...# #.#.#
#..≈≈≈≈≈..####.#.#
#..≈.≈≈........#.#
....≈≈≈≈.#######.#
#...≈≈≈≈..# #.#
...≈≈≈≈≈P.# #@#
..≈P≈≈≈≈≈.### #†#
...≈≈≈≈≈≈...#
##.#######.
..≈≈≈≈≈≈≈.#.#
#......h...
.P≈≈≈≈≈.....#
#..$....##.
..≈≈≈≈≈≈....###...###.#
≈≈≈≈≈≈≈P.#>.......# #
.P≈≈≈≈≈≈.#.####...###.#
≈≈≈≈≈≈P.#.# ##......#


There were no monsters in sight!

Vanquished Creatures
  An endoplasm (D:1)
  2 hobgoblins (D:1)
  A jackal (D:1)
  2 bats (D:1)
  A frilled lizard (D:1)
7 creatures vanquished.

Notes
Turn   | Place    | Note
-------+----------+-------------------------------------------
     0 | D:1      | yoda5477 the Demonspawn Transmuter began the quest for the
                  | Orb.
     0 | D:1      | Reached XP level 1. HP: 15/15 MP: 3/3
   516 | D:1      | Gained mutation: You have a somewhat thin skeletal
                  | structure. (Dex +2, Stealth+) [demonic ancestry]
   516 | D:1      | Reached XP level 2. HP: 21/21 MP: 3/5
   516 | D:1      | Quit the game

Illustrated notes

Levels and vault maps discovered:
D:1:      dpeg_arrival_erosion, layout_loops_ring,
          shapermc_ecumenical_altar_mp_vishouse, chequers_big_river

Action                   || total
-------------------------++-------
Melee: Unarmed           ||    33
       Kick              ||     4
       Headbutt          ||     3
 Cast: Beastly Appendage ||     8
Armor: Robe              ||    14
Dodge: Dodged            ||    34

Table legend: (Time is in decaauts)
 A = Elapsed time spent in this place.
 B = Non-inter-level travel time spent in this place.
 C = Inter-level travel time spent in this place.
 D = Time resting spent in this place.
 E = Time spent auto-exploring this place.
 F = Levels seen in this place.
 G = Mean time per level.
                   A        B        C        D        E       F      G
               +--------+--------+--------+--------+--------+-----+--------+
         Total |    516 |    516 |      0 |    311 |     79 |   1 |  516.0 |
       Dungeon |    516 |    516 |      0 |    311 |     79 |   1 |  516.0 |
               +--------+--------+--------+--------+--------+-----+--------+

Top non-repeatable levels by time:
     D:1: 516 daAuts
